Map: Lerilak Crest

Players

capac - Winner!

  • Race: Terran Terran
  • League: Gold

A.I. 1 (Elite)

  • Race: Zerg Zerg

VOD

Have the link to the VOD?

Description

Time

  • Played on: March 11, 2016, 10:11 a.m.
  • Length: 10:10
Show
View Real Time Build Order
Export as new Build Order

capac Terran - Winner!

Build Orders:  

Get SALT Encoding   

  12  0:01  SCV  
  13  0:13  SCV  
  14  0:17  Supply Depot  
  14  0:25  SCV  
  15  0:39  SCV  
  15  0:42  Barracks  
  16  0:44  Refinery  
  16  0:51  SCV  
  17  1:03  SCV  
  18  1:15  SCV  
  19  1:27  SCV  
  19  1:32  Barracks Reactor  
  20  1:35  Command Center  
  20  1:39  SCV  
  21  1:45  Supply Depot  
  22  1:57  Orbital Command  
  21  2:09  Marine x2  
  21  2:13  Barracks  
  23  2:24  SCV  
  23  2:26  Marine x2  
  26  2:36  SCV  
  27  2:40  Factory  
  27  2:44  Marine x2  
  27  2:48  SCV  
  27  2:50  Orbital Command  
  30  3:00  Refinery, SCV  
  30  3:04  Barracks Tech Lab  
  31  3:10  Engineering Bay  
  31  3:12  SCV  
  32  3:17  SCV  
  33  3:24  Marine x2, SCV  
  33  3:25  Marine  
  33  3:26  Factory Tech Lab  
  37  3:30  Starport  
  37  3:33  SCV  
  38  3:44  Marine, SCV  
  38  3:45  Marine x2  
  42  3:55  SCV  
  42  3:58  Stimpack  
  42  4:01  Supply Depot x2  
  43  4:05  Siege Tank  
  46  4:13  Starport Reactor  
  46  4:22  Refinery  
  46  4:23  SCV x2  
  46  4:24  Marine x3  
  49  4:25  Refinery  
  49  4:30  Barracks  
  51  4:31  Supply Depot  
  51  4:40  Siege Tank  
  51  4:43  SCV x2  
  51  4:44  Marine x2  
  51  4:45  Marine  
  59  4:55  SCV x2  
  59  4:58  Terran Infantry Weapons Level 1  
  61  5:04  Supply Depot  
  61  5:05  Medivac  
  63  5:07  Marine x3  
  63  5:08  SCV  
  67  5:17  Medivac  
  67  5:19  SCV  
  70  5:25  Barracks Reactor  
  70  5:28  Supply Depot  
  70  5:29  SCV  
  70  5:30  Supply Depot  
  70  5:31  SCV  
  72  5:40  Siege Tank  
  72  5:42  Marine x3  
  78  5:50  SCV x2  
  78  5:52  Medivac x2  
  78  5:53  Supply Depot  
  84  6:02  SCV  
  84  6:03  Marine x4  
  89  6:04  Marine  
  90  6:16  SCV x2  
  92  6:20  Marine  
  92  6:21  Marine x3  
  92  6:22  Supply Depot, Marine  
  97  6:41  Marine x3  
  97  6:42  Marine x2  
  88  6:58  Siege Tank  
  88  6:59  Marine x4  
  88  7:00  Marine  
  87  7:12  Medivac  
  87  7:13  Medivac  
  91  7:15  Supply Depot  
  91  7:17  Supply Depot, Marine x4  
  94  7:37  Command Center  
  86  8:06  Marine x5  
  79  8:24  Marine  
  80  8:28  Marine x4  
  82  8:42  Marine  
  82  8:45  Marine  
  82  8:46  Marine x3  
  87  8:49  Siege Tank  
  87  8:50  Medivac x2  
  87  8:53  Supply Depot x2  
  93  8:59  Marine  
  94  9:28  Marine  
  94  9:29  Marine x4  
  99  9:35  Supply Depot  
  99  9:38  Supply Depot, Orbital Command  
  99  9:46  Marine  
Show
View Real Time Build Order
Export as new Build Order

A.I. 1 (Elite) Zerg 

Build Orders: Hatch First 

Get SALT Encoding   

  12  0:00  Drone  
  13  0:12  Overlord  
  13  0:16  Drone  
  14  0:30  Drone x2  
  14  0:34  Drone  
  17  0:54  Hatchery  
  17  0:55  Drone  
  17  1:11  Spawning Pool  
  17  1:13  Extractor  
  17  1:14  Drone  
  16  1:19  Drone  
  16  1:22  Drone  
  18  1:27  Drone  
  19  1:38  Overlord  
  19  1:49  Drone  
  20  1:59  Zergling x2  
  20  2:00  Queen  
  23  2:06  Drone  
  24  2:12  Queen  
  26  2:18  Drone  
  27  2:31  Roach Warren  
  27  2:33  Extractor, Drone  
  26  2:37  Drone  
  26  2:43  Overlord  
  27  2:46  Drone  
  27  2:50  Drone  
  29  2:53  Drone  
  29  2:56  Drone  
  31  2:59  Drone  
  31  3:04  Zergling x2  
  33  3:07  Zergling x2  
  34  3:14  Roach  
  34  3:15  Roach  
  34  3:19  Roach  
  40  3:23  Roach  
  40  3:25  Drone  
  43  3:27  Drone  
  43  3:33  Overlord  
  44  3:40  Lair  
  44  3:45  Metabolic Boost  
  44  3:49  Overlord  
  44  3:51  Drone  
  44  3:54  Drone  
  46  3:56  Drone  
  46  3:59  Zergling x2  
  46  4:01  Zergling x2  
  49  4:04  Zergling x2  
  50  4:10  Evolution Chamber, Drone  
  50  4:15  Evolution Chamber, Drone  
  50  4:18  Drone  
  50  4:20  Drone  
  50  4:22  Drone  
  53  4:25  Drone  
  54  4:37  Zerg Missile Weapons Level 1, Zergling x2  
  54  4:41  Zerg Ground Armor Level 1, Hydralisk Den  
  54  4:43  Drone  
  54  4:47  Overlord  
  54  4:49  Roach  
  58  4:53  Roach  
  58  5:03  Extractor  
  58  5:05  Overlord, Drone x2  
  58  5:06  Extractor  
  58  5:07  Drone  
  58  5:08  Drone  
  58  5:09  Hydralisk  
  58  5:12  Hydralisk  
  64  5:14  Drone  
  64  5:16  Drone  
  64  5:18  Drone  
  67  5:23  Drone  
  67  5:24  Overlord  
  67  5:26  Drone  
  67  5:28  Drone  
  70  5:29  Drone  
  70  5:31  Drone  
  70  5:33  Drone  
  70  5:35  Drone  
  74  5:37  Drone  
  74  5:42  Drone  
  76  5:44  Drone  
  76  5:45  Overlord  
  76  5:46  Drone  
  76  5:48  Drone  
  79  5:57  Infestation Pit, Roach  
  79  5:59  Drone  
  79  6:03  Overlord  
  81  6:05  Roach  
  81  6:07  Roach  
  81  6:09  Roach  
  87  6:18  Ravager  
  88  6:19  Baneling Nest  
  88  6:20  Roach  
  88  6:21  Evolution Chamber  
  88  6:22  Ravager  
  88  6:24  Overlord  
  89  6:30  Hatchery  
  89  6:31  Zerg Melee Weapons Level 1  
  88  6:33  Infestor  
  88  6:35  Drone  
  88  6:38  Roach  
  88  6:39  Infestor  
  93  6:43  Hydralisk  
  94  6:47  Zergling x6  
  94  6:49  Zergling x2  
  94  6:50  Zergling x2  
  94  6:53  Roach  
  90  6:55  Roach  
  90  6:57  Roach  
  90  7:00  Roach  
  80  7:03  Roach  
  80  7:04  Baneling  
  80  7:05  Hydralisk  
  82  7:08  Roach  
  82  7:09  Ravager  
  82  7:13  Overseer  
  82  7:15  Roach  
  85  7:18  Roach  
  85  7:21  Roach  
  85  7:22  Roach  
  91  7:24  Baneling  
  91  7:27  Baneling  
  91  7:30  Baneling  
  91  7:31  Zergling x4  
  91  7:32  Zergling x2, Baneling  
  91  7:34  Zergling x2  
  91  7:35  Zergling x2  
  92  7:37  Zergling x2  
  92  7:39  Roach  
  92  7:41  Roach  
  92  7:42  Drone  
  76  7:44  Roach  
  76  7:51  Hydralisk  
  61  7:52  Baneling x2, Drone  
  61  7:53  Drone  
  61  7:55  Drone  
  61  7:57  Hydralisk  
  67  8:00  Drone  
  30  8:38  Hatchery  
  19  9:14  Drone  
  19  9:21  Drone  
  19  9:29  Drone  
  15  9:42  Drone  
  16  9:50  Drone  
  14  9:56  Drone  
Tags
 
Add a new tag
Caveats
  • Supply blocks, unpowered buildings, or Contaminate may cause inaccurate times.
  • Supply counts are checked every 10 seconds.